 Dungeon Crawl Stone Soup version 0.30-a0-870-gc5d4c5acee (webtiles) character file.

Game seed: 17794957207728628767

872 cforsyth the Covered (level 8, -2/71 HPs)
             Began as a Barachi Fighter on Mar 12, 2023.
             Killed from afar by an electric eel (8 damage)
             ... with a bolt of electricity
             ... on level 7 of the Dungeon.
             The game lasted 00:05:13 (4679 turns).

cforsyth the Covered (Barachi Fighter)              Turns: 4679, Time: 00:05:13

Health: -2/71      AC:  7    Str: 18    XL:     8   Next: 4%
Magic:  8/8        EV:  9    Int: 13    God:
Gold:   265        SH:  5    Dex: 11    Spells: 7/7 levels left

rFire   . . .      SeeInvis .    a - +0 war axe
rCold   . . .      Faith    .    c - +0 buckler
rNeg    . . .      Spirit   .    b - +0 scale mail
rPois   .          Reflect  .    (helmet restricted)
rElec   .          Rampage  .    (no cloak)
rCorr   .                        (no gloves)
Will    .....                    (no boots) Stlth
                                 (no amulet)
HPRegen 0.31/turn                (no ring)
MPRegen 0.11/turn                (no ring)

@: slow
A: amphibious, slowness 1, strong legs 1, +LOS, horns 1, clever 1, robust 1
a: Hop


You were on level 7 of the Dungeon.
You visited 1 branch of the dungeon, and saw 7 of its levels.
You also visited: Ossuary.

You collected 265 gold pieces.

Inventory:

Hand Weapons
 a - a +0 war axe (weapon)
Armour
 b - a +0 scale mail (worn)
 c - a +0 buckler (worn)
Jewellery
 h - a +4 ring of slaying
Wands
 s - a wand of flame (18)
Scrolls
 g - 2 scrolls of blinking {unknown}
 i - 4 scrolls of teleportation
 k - 2 scrolls of enchant armour
 n - a scroll of silence {unknown}
 p - 2 scrolls of torment {unknown}
 q - 3 scrolls of poison
Potions
 d - 4 potions of might
 e - 5 potions of curing
 f - 2 potions of flight
 j - a potion of invisibility
 l - 3 potions of berserk rage
 m - a potion of heal wounds
 o - a potion of ambrosia
 r - 2 potions of mutation


   Skills:
 + Level 6.3 Fighting
 + Level 5.2 Axes
 + Level 6.4 Armour
 + Level 5.8 Shields


You had 7 spell levels left.
You didn't know any spells.
Your spell library contained the following spells:

 Spells                   Type           Power      Damage    Failure   Level
 Kindle Blastsparks       Fire/Tloc/Air  0%         2d10      98%         3
 Ice Form                 Ice/Tmut       0%         N/A       100%        4
 Manifold Assault         Tloc           0%         N/A       100%        4
 Dispersal                Tloc           0%         N/A       100%        6


Dungeon Overview and Level Annotations

Branches:
Dungeon (8/15)            Ossuary (visited)
 Temple: D:4-7         Lair: D:8-11

Altars:
Ashenzari
Fedhas
Wu Jian
Zin

Annotations:
D:2 1 runed translucent door, Crazy Yiuf


Innate Abilities, Weirdness & Mutations

You are amphibious.
You cover ground slowly.
You can hop short distances.
You have an extended range of vision and can be seen from far away.
You have a pair of small horns on your head.
Your mind is acute. (Int +4, Str/Dex -1)
You are robust. (+10% HP)


Message History

HP restored.
You start waiting.
Done waiting.
Items here: )))) [[ ÷.
The electric eel shoots out a bolt of lightning at you!
The bolt of electricity hits you.
Found a runed copper wand.
s - a wand of flame (18) HP restored.
The electric eel shoots out a bolt of lightning at you!
The bolt of electricity hits you!
You start resting.
HP restored.
The electric eel shoots out a bolt of lightning at you!
The bolt of electricity hits you! The bolt of electricity misses you.
The bolt of electricity hits the electric eel.
The electric eel completely resists.
The electric eel shoots out a bolt of lightning at you!
The bolt of electricity hits you! x2
The bolt of electricity misses the electric eel.
You slash the electric eel!
The electric eel is heavily wounded.
You hit the electric eel.
The electric eel shoots out a bolt of lightning at you!
The bolt of electricity misses you. The bolt of electricity hits you!
The bolt of electricity hits the electric eel.
The electric eel completely resists.
You closely miss the electric eel.
The electric eel is heavily wounded.
You slash the electric eel!
The electric eel shoots out a bolt of lightning at you!
The bolt of electricity hits you! x2
* * * LOW HITPOINT WARNING * * *
The bolt of electricity hits the electric eel.
The electric eel completely resists.
The electric eel shoots out a bolt of lightning at you!
The bolt of electricity hits you.
* * * LOW HITPOINT WARNING * * *
The bolt of electricity hits you!
You die...

# #.~≈≈≈~.≈≈≈~..##.#
##.### #
#.~≈≈≈~.~≈≈~..##.# #.#
# #.~~~≈~.~~≈~.###.#
#.# #
#.......~≈~~.###.####.#
#
#.~~~~................#
#
#.~~≈~.~~~~~.###......#
####..≈≈≈≈.~≈≈≈~.#
#.####.#
......~≈≈~.~~≈≈S.###.#
#...
####..~~~~.~~~~S@#...#
#####
#..............###
########.....## #######


You could see 2 electric eels.

Vanquished Creatures
  An ice beast (D:7)
  2 centaurs
  A scorpion (D:4)
  2 centaur zombies (Ossuary)
  2 hounds
  A human zombie (Ossuary)
  A jelly (D:4)
  Jessica (D:2)
  3 orc wizards
  A sleepcap (D:4)
  Natasha (thrice) (D:2)
  2 mummies (Ossuary)
  Robin (D:2)
  4 adders
  2 worms (D:3)
  A dart slug (D:3)
  9 orcs
  5 ball pythons
  3 bats
  4 endoplasms
  A giant cockroach (D:1)
  11 goblins
  4 hobgoblins
  3 jackals (D:2)
  2 quokkas
  3 frilled lizards
  2 goblin zombies (Ossuary)
  12 hobgoblin zombies (Ossuary)
  A jackal zombie (Ossuary)
  4 kobolds
  9 kobold zombies (Ossuary)
  10 orc zombies (Ossuary)
  4 rats
115 creatures vanquished.

Vanquished Creatures (others)
  A frilled lizard (D:3)
  4 fungi (D:3)
  2 plants (D:3)
7 creatures vanquished.

Grand Total: 122 creatures vanquished

Notes
Turn   | Place    | Note
-------+----------+-------------------------------------------
     0 | D:1      | cforsyth the Barachi Fighter began the quest for the Orb.
     0 | D:1      | Reached XP level 1. HP: 18/18 MP: 1/1
   140 | D:1      | Reached XP level 2. HP: 22/25 MP: 2/2
   461 | D:2      | Found a runed translucent door.
   462 | D:2      | Noticed Crazy Yiuf
   612 | D:2      | Noticed Jessica
   619 | D:2      | Gained mutation: You are robust. (+10% HP) [potion of
                  | mutation]
   619 | D:2      | Gained mutation: You have a pair of small horns on your
                  | head. [potion of mutation]
   619 | D:2      | Gained mutation: Your mind is acute. (Int +4, Str/Dex -1)
                  | [potion of mutation]
   635 | D:2      | Killed Jessica
   636 | D:2      | Reached XP level 3. HP: 5/33 MP: 3/3
   808 | D:2      | Noticed Natasha
   816 | D:2      | Killed Natasha
   817 | D:2      | Reached XP level 4. HP: 24/40 MP: 4/4
   979 | D:2      | Noticed Robin
  1010 | D:2      | Killed Robin
  1081 | D:2      | Noticed Natasha
  1089 | D:2      | Killed Natasha
  1090 | D:2      | Reached XP level 5. HP: 42/47 MP: 5/5
  1180 | D:2      | Found a broken altar of Ashenzari.
  1430 | D:2      | Noticed Natasha
  1444 | D:2      | Killed Natasha
  1798 | D:3      | Found a faded altar of an unknown god.
  2222 | D:3      | Got the Grimoire of the Compass and Modification
  2465 | D:3      | Reached skill level 5 in Armour
  2836 | D:4      | Reached skill level 5 in Fighting
  2836 | D:4      | Reached XP level 6. HP: 47/56 MP: 6/6
  3195 | D:4      | Found an ornate altar of the Wu Jian Council.
  3255 | D:4      | Reached skill level 5 in Shields
  3255 | D:4      | Reached XP level 7. HP: 56/61 MP: 7/7
  3360 | D:4      | Found a glowing silver altar of Zin.
  3369 | D:4      | Found a blossoming altar of Fedhas.
  3424 | D:5      | Entered Level 5 of the Dungeon
  3607 | D:5      | Found a sand-covered staircase.
  3672 | Ossuary  | Entered an ossuary
  4165 | D:5      | You fall into a shaft and drop 3 floors!
  4355 | D:7      | Reached skill level 5 in Axes
  4370 | D:7      | Reached XP level 8. HP: 27/71 MP: 8/8
  4679 | D:7      | Killed from afar by an electric eel

Illustrated notes

Levels and vault maps discovered:
D:1:      eino_arrival_tree_alley, layout_basic
D:2:      layout_loops_corners, basic_altar, uniq_jessica, uniq_robin,
          uniq_natasha, uniq_crazy_yiuf_cottage
D:3:      layout_basic, shapermc_ecumenical_altar_mp_urbaneastern,
          serial_co_window_serial, co_window_paths_a,
          co_window_of_opportunity_a, co_window_of_opportunity_a,
          co_window_paths_a, co_window_corner_a, co_window_paths_c,
          co_window_corner_ca, co_window_broadway_b, co_window_corner_cb,
          co_window_4corner_a, glass_columns_a, glass_columns_b
D:4:      layout_basic, mainiacjoe_overflow_swirl, mainiacjoe_overflow_alcove_4,
          dk_noncrumbling_3, st_stairs_3
D:5:      mumra_celtic_spiral_tile, layout_cave_pods,
          hellmonk_ghost_happy_afterlife, lightli_ossuary_entry_decrepit_ruins,
          hellmonk_bongcloud_opening, hangedman_decor_growths
D:7:      layout_loops_ring, minmay_temple_entry_purple_smoke, minivault_14
D:8:      layout_basic, kennysheep_generic_room_9, uniq_joseph, uniq_maggie

Skill      XL: |  1  2  3  4  5  6  7 |
---------------+----------------------+-----
Fighting       | 4 5 6 |  6.3
Armour         | 4 5 6 |  6.4
Axes           | 3 4 5 |  5.2
Shields        | 4 5 |  5.8

Action                     |  1- 3 |  4- 6 |  7- 9 || total
---------------------------+-------+-------+-------++-------
  Melee: War axe           |    45 |   188 |   112 ||   345
         Headbutt          |     6 |    25 |    22 ||    53
    Use: Potion            |     5 |       |       ||     5
         Scroll            |     3 |       |     5 ||     8
 Armour: Scale mail        |    24 |   103 |    60 ||   187
  Dodge: Dodged            |    23 |    96 |    50 ||   169
  Block: Buckler           |     7 |    54 |    28 ||    89

Table legend: (Time is in decaauts)
 A = Elapsed time spent in this place.
 B = Non-inter-level travel time spent in this place.
 C = Inter-level travel time spent in this place.
 D = Time resting spent in this place.
 E = Time spent auto-exploring this place.
 F = Levels seen in this place.
 G = Mean time per level.
                   A        B        C        D        E       F      G
               +--------+--------+--------+--------+--------+-----+--------+
         Total |   5416 |   5261 |    155 |    320 |   3909 |   8 |  677.0 |
       Dungeon |   4962 |   4807 |    155 |    320 |   3629 |   7 |  708.9 |
       Ossuary |    454 |    454 |      0 |      0 |    279 |   1 |  454.0 |
               +--------+--------+--------+--------+--------+-----+--------+

Top non-repeatable levels by time:
     D:2: 1494 daAuts
     D:3: 1286 daAuts
     D:4: 691 daAuts
     D:1: 539 daAuts
     D:7: 525 daAuts
 Ossuary: 454 daAuts
     D:5: 396 daAuts
     D:8: 27 daAuts
